Map: Frozen Temple

Players

Hartmann

  • Race: Protoss Protoss
  • League: Diamond

Darkfuryon - Winner!

  • Race: Terran Terran
  • League: Diamond

VOD

Have the link to the VOD?

Description

Time

  • Played on: April 23, 2016, 6:25 p.m.
  • Length: 7:46
Show
View Real Time Build Order
Export as new Build Order

Hartmann Protoss 

Build Orders: 1 Gate Expand 

Get SALT Encoding   

  12  0:01  Probe (Chrono Boost)  
  13  0:11  Probe (Chrono Boost)  
  14  0:19  Pylon  
  14  0:23  Probe (Chrono Boost)  
  15  0:38  Probe (Chrono Boost), Gateway  
  15  0:42  Assimilator  
  16  0:48  Probe (Chrono Boost)  
  17  0:53  Assimilator  
  17  0:59  Probe (Chrono Boost)  
  18  1:09  Probe (Chrono Boost)  
  19  1:20  Probe (Chrono Boost)  
  20  1:26  Nexus  
  20  1:39  Cybernetics Core  
  21  1:40  Probe (Chrono Boost)  
  21  1:47  Assimilator  
  21  1:50  Probe (Chrono Boost)  
  22  2:01  Probe (Chrono Boost)  
  22  2:02  Pylon  
  23  2:16  Warp Gate  
  23  2:20  Probe  
  23  2:21  Adept (Chrono Boost)  
  26  2:32  Mothership Core  
  26  2:37  Probe  
  28  2:45  Robotics Facility  
  28  2:48  Probe (Chrono Boost)  
  29  2:51  Adept (Chrono Boost)  
  29  2:54  Probe (Chrono Boost)  
  32  2:59  Probe (Chrono Boost)  
  32  3:04  Probe (Chrono Boost)  
  34  3:10  Probe (Chrono Boost)  
  34  3:12  Twilight Council  
  35  3:15  Probe (Chrono Boost)  
  36  3:20  Probe (Chrono Boost)  
  36  3:21  Adept  
  39  3:28  Probe (Chrono Boost)  
  39  3:30  Probe (Chrono Boost)  
  39  3:32  Observer (Chrono Boost)  
  42  3:39  Pylon  
  42  3:45  Gateway  
  42  3:49  Probe  
  42  3:50  Probe  
  42  3:52  Gateway  
  44  4:00  Probe  
  44  4:02  Probe  
  46  4:04  Immortal (Chrono Boost)  
  46  4:08  Pylon  
  50  4:10  Assimilator  
  50  4:11  Blink (Chrono Boost), Assimilator  
  50  4:13  Probe  
  50  4:14  Probe  
  52  4:27  Adept, Probe  
  52  4:29  Probe  
  56  4:38  Probe  
  56  4:41  Probe  
  56  4:42  Immortal (Chrono Boost)  
  62  4:56  Pylon  
  62  4:57  Pylon  
  62  5:06  Pylon  
  62  5:15  Adept x3  
  56  5:39  Stalker  
  56  5:40  Immortal (Chrono Boost), Stalker x2  
  57  5:55  Probe x2  
  53  6:03  Adept x3  
  48  6:17  Immortal (Chrono Boost)  
  52  6:21  Pylon  
  52  6:23  Pylon  
  52  6:26  Adept x3  
  58  6:36  Pylon  
  58  6:49  Adept x3  
  64  6:58  Pylon  
  56  7:09  Adept  
  56  7:10  Adept x2  
  58  7:29  Gateway  
  58  7:37  Adept x3  
Show
View Real Time Build Order
Export as new Build Order

Darkfuryon Terran - Winner!

Build Orders:  

Get SALT Encoding   

  12  0:01  SCV  
  13  0:13  SCV  
  14  0:19  Supply Depot  
  14  0:25  SCV  
  15  0:40  SCV  
  15  0:42  Barracks  
  16  0:46  Refinery  
  16  0:52  SCV  
  17  1:04  SCV  
  18  1:16  SCV  
  19  1:29  Orbital Command  
  19  1:31  Supply Depot, Barracks Reactor  
  19  1:59  Command Center  
  19  2:00  SCV  
  20  2:06  Marine  
  20  2:07  Marine  
  22  2:12  SCV  
  23  2:16  Factory  
  23  2:24  SCV  
  23  2:28  Marine x2  
  26  2:37  SCV  
  27  2:40  Refinery  
  27  2:46  Marine x2  
  29  2:54  SCV  
  30  3:03  Factory Tech Lab  
  30  3:04  Marine x2  
  31  3:10  SCV, Starport  
  32  3:14  Orbital Command  
  32  3:22  Marine x2  
  34  3:29  Siege Tank  
  34  3:30  SCV  
  38  3:40  SCV  
  39  3:42  SCV  
  39  3:43  Marine x2  
  42  3:48  Medivac  
  42  3:49  Supply Depot  
  42  3:52  SCV  
  45  3:57  SCV, Barracks  
  46  4:10  Marine x2  
  46  4:11  SCV, Siege Tank  
  52  4:19  Supply Depot, Starport Reactor  
  52  4:23  SCV x2  
  54  4:27  Refinery  
  54  4:40  SCV, Marine x2  
  54  4:45  Supply Depot  
  57  4:51  Barracks Tech Lab  
  57  4:53  Siege Tank  
  57  4:54  SCV x2  
  57  4:55  Supply Depot  
  62  5:04  Marine x2  
  62  5:06  SCV  
  65  5:08  Supply Depot  
  65  5:17  Marine  
  65  5:19  Medivac  
  65  5:20  Barracks, Medivac  
  69  5:21  Marine  
  66  5:32  Marine  
  66  5:35  Marauder  
  65  5:39  Marine  
  62  5:50  Marine  
  62  5:56  Marauder  
  63  5:57  SCV, Marine  
  63  5:58  Supply Depot  
  65  6:08  Marine  
  66  6:15  Barracks Reactor, Marine  
  66  6:16  Barracks  
  66  6:18  Marauder  
  69  6:26  SCV x2, Marine  
  69  6:32  Refinery  
  72  6:33  Marine  
  72  6:39  Siege Tank, Marauder  
  78  6:42  Medivac  
  78  6:43  Marine  
  78  6:44  Command Center  
  81  6:51  Marine  
  82  7:00  Marauder  
  84  7:01  Marine  
  85  7:08  Marine  
  85  7:10  Marine x2  
  89  7:19  Marine  
  89  7:22  Marauder  
  92  7:26  Barracks Reactor, Marine  
  92  7:27  Supply Depot  
  92  7:28  Marine  
Tags
 
Add a new tag
Caveats
  • Supply blocks, unpowered buildings, or Contaminate may cause inaccurate times.
  • Supply counts are checked every 10 seconds.